 Dungeon Sprint DCSS version 0.29-a0-338-g1ff7896281 (webtiles) character file.

Game seed: 9909473564647815531

718 mhtbhm the Cleaver (level 7, -4/79 HPs)
             Began as a Gargoyle Berserker on Apr 17, 2022.
             Was a High Priest of Trog.
             Slain by a merfolk
             ... wielding a +0 spear
              (10 damage)
             ... in the Dungeon (Sprint VII: "The Pits").
             The game lasted 00:02:15 (1169 turns).

mhtbhm the Cleaver (Gargoyle Berserker)             Turns: 1169, Time: 00:02:16

Health: -4/79      AC: 17    Str: 23    XL:     7   Next: 70%
Magic:  7/7        EV:  9    Int:  7    God:    Trog [*****.]
Gold:   0          SH:  0    Dex:  9    Spells: 6/6 levels left

rFire   . . .      SeeInvis .   a - +1 hand axe (freeze)
rCold   . . .      Faith    .   (no shield)
rNeg    + . .      Spirit   .   b - +3 chain mail
rPois   ∞          Reflect  .   (no helmet)
rElec   +          Harm     .   (no cloak)
rCorr   .          Rampage  .   (no gloves)
Will    .....      NoTele   +   (no boots)
Stlth   ..........              (no amulet)
HPRegen 0.23/turn               (no ring)
MPRegen 0.10/turn               (no ring)

@: berserking (expiring), hasted, very quick
A: sickness immunity, AC +4, negative energy resistance 1, electricity
resistance, torment resistance 1, petrification resistance
a: Renounce Religion, Berserk, Trog's Hand, Brothers in Arms


You were in the Dungeon.
You worshipped Trog.
Trog was extremely pleased with you.
You visited 1 branch

Inventory:

Hand Weapons
 a - a +1 hand axe of freezing (weapon)
Missiles
 c - 3 silver boomerangs (quivered)
Armour
 b - a +3 chain mail (worn)
Potions
 d - 5 potions of heal wounds
 f - 4 potions of magic
 g - 3 potions of berserk rage
 i - 2 potions of invisibility
 k - 5 potions of curing


   Skills:
 + Level 10.6 Fighting
 + Level 10.6 Axes
 + Level 5.7 Armour
 + Level 5.1 Dodging


You had 6 spell levels left.
You didn't know any spells.
Your spell library was empty.

Dungeon Overview and Level Annotations

Branches:
Dungeon (1/1)

Altars:
Cheibriados
Dithmenos
Elyvilon
Fedhas
Gozag
Hepliaklqana
Makhleb
Nemelex Xobeh
Okawaru
Qazlal
Ru
Sif Muna
Trog
Wu Jian
Xom
Yredelemnul
Zin
The Shining One
Jiyva


Innate Abilities, Weirdness & Mutations

You are immune to sickness and miasma.
Your stone body is resilient. (AC +4)
You are immune to poison.
You resist negative energy. (rN+)
You are resistant to electric shocks. (rElec)
You are resistant to unholy torment.
You are immune to petrification.


Message History

The flying skull hits you.
Unknown command.
Unknown command.
Your deep troll goes berserk!
Your small abomination misses the flying skull.
The flying skull hits you but does no damage.
Unknown command.
Unknown command.
A red film seems to cover your vision as you go berserk!
You feel yourself moving faster!
You feel mighty!
The flying skull hits you but does no damage.
Your small abomination barely misses the flying skull.
You slash the flying skull! You freeze the flying skull.
The flying skull is heavily damaged.
The flying skull hits you but does no damage.
The merfolk impaler hits you from afar with a +1 demon trident of venom!!
You slash the flying skull! You freeze the flying skull.
You destroy the flying skull!
Trog accepts your kill. The merfolk impaler barely misses you.
Your Dodging skill increases to level 5!
Unknown command.
The merfolk hits you but does no damage.
The merfolk impaler hits you with a +1 demon trident of venom.
There is an open door, spattered with blood here.
You slash the merfolk impaler! You freeze the merfolk impaler!
The merfolk impaler is moderately wounded.
The merfolk hits you from afar with a +0 spear!
* * * LOW HITPOINT WARNING * * *
The merfolk impaler hits you with a +1 demon trident of venom.
* * * LOW HITPOINT WARNING * * *
Unknown command.
The merfolk hits you from afar with a +0 glaive!
* * * LOW HITPOINT WARNING * * *
You see here the +5 dagger of Wemeher {antimagic, Fly rElec rF+ rCorr}.
Unknown command.
You feel a strong urge to attack something.
Your deep troll rages.
The merfolk hits you with a +0 spear!
You die...

#.#.....#'###...<...#
#.#........##.......#
#)#........##.......#
#[###########.......#
#..#.#.##.. #########
#.......#.######
##)#.#.##.#....#
#.......#m#4m..#
##.#.#.##T@mm..+
#.......#'#m...#
##.#.#..)x#....#
###############


You could see a merfolk impaler (ally target), 4 merfolk, a hellwing, a friendly
deep troll (summoned, berserk) and a friendly small abomination (summoned).

Vanquished Creatures
  A cane toad (D)
  A flying skull (D)
  A bullfrog (D)
  A necrophage (D)
  A scorpion (D)
  A hound (D)
  An orc wizard (D)
  3 gnolls (D)
  2 adder skeletons (D)
  An adder zombie (D)
  3 orcs (D)
  2 hobgoblins (D)
  9 jackals (D)
  2 bats (D)
  A rat (D)
30 creatures vanquished.

Notes
Turn   | Place    | Note
-------+----------+-------------------------------------------
     0 | D        | mhtbhm the Gargoyle Berserker began the quest for the Orb.
     0 | D        | Reached XP level 1. HP: 14/14 MP: 1/1
    22 | D        | Found a bloodstained altar of Trog.
    22 | D        | Found a shimmering blue altar of Sif Muna.
    22 | D        | Found a viscous altar of Jiyva.
    22 | D        | Found a hazy altar of Hepliaklqana.
    22 | D        | Found an opulent altar of Gozag.
    23 | D        | Found a glowing golden altar of the Shining One.
    23 | D        | Found a glowing silver altar of Zin.
    23 | D        | Found a basalt altar of Yredelemnul.
    23 | D        | Found a shimmering altar of Xom.
    23 | D        | Found an ornate altar of the Wu Jian Council.
    23 | D        | Found a sacrificial altar of Ru.
    23 | D        | Found a stormy altar of Qazlal.
    23 | D        | Found an iron altar of Okawaru.
    23 | D        | Found a sparkling altar of Nemelex Xobeh.
    23 | D        | Found a burning altar of Makhleb.
    23 | D        | Found a blossoming altar of Fedhas.
    23 | D        | Found a white marble altar of Elyvilon.
    23 | D        | Found a shadowy altar of Dithmenos.
    23 | D        | Found a snail-covered altar of Cheibriados.
    75 | D        | Reached ** piety under Trog
    98 | D        | Reached XP level 2. HP: 14/20 MP: 2/2
   271 | D        | Reached *** piety under Trog
   273 | D        | Reached XP level 3. HP: 25/25 MP: 3/3
   276 | D        | Reached skill level 5 in Fighting
   276 | D        | Reached **** piety under Trog
   367 | D        | Noticed a scorpion
   371 | D        | Killed a scorpion
   372 | D        | Reached skill level 5 in Axes
   372 | D        | Reached XP level 4. HP: 32/32 MP: 4/4
   373 | D        | Reached ***** piety under Trog
   374 | D        | Reached XP level 5. HP: 38/38 MP: 5/5
   402 | D        | Received a gift from Trog
   575 | D        | Reached XP level 6. HP: 36/44 MP: 6/6
   675 | D        | Noticed a cane toad
   683 | D        | Killed a cane toad
   684 | D        | Reached XP level 7. HP: 15/52 MP: 7/7
  1040 | D        | Reached skill level 10 in Fighting
  1040 | D        | Reached skill level 10 in Axes
  1040 | D        | Reached skill level 5 in Armour
  1054 | D        | Identified the +5 dagger of Wemeher {antimagic, Fly rElec
                  | rF+ rCorr} (Trog gifted it to you in the Dungeon)
  1054 | D        | Received a gift from Trog
  1157 | D        | Noticed a flying skull
  1157 | D        | Noticed a merfolk impaler
  1157 | D        | Noticed a merfolk
  1157 | D        | Noticed a merfolk
  1157 | D        | Noticed a merfolk
  1157 | D        | Noticed a merfolk
  1157 | D        | Noticed a hellwing
  1165 | D        | Killed a flying skull
  1166 | D        | Reached skill level 5 in Dodging
  1169 | D        | Slain by a merfolk

Illustrated notes

Levels and vault maps discovered:
D:        pitsprint [storerooms_1, entrance_room_1, metal_vault_6, armoury_2,
          mini_pit_1, grid_room_1, main_hall_1, silver_pit, the_coven_3,
          the_vestibule_1, steel_vault_2, golden_pit, hallway_of_sentries,
          crystal_vault_6, iron_vault_4, final_vault]

Skill      XL: |  1  2  3  4  5  6  7 |
---------------+----------------------+-----
Axes           | 4 5 6 7 9 10 | 10.6
Fighting       | 4 6 7 8 9 10 | 10.6
Dodging        | 2 3 4 5 |  5.1
Armour         | 3 4 5 |  5.7

Action                   |  1- 3 |  4- 6 |  7- 9 || total
-------------------------+-------+-------+-------++-------
Melee: Hand axe          |    39 |    37 |    23 ||    99
       Punch             |     1 |       |       ||     1
Invok: Berserk           |     3 |     1 |     1 ||     5
       Brothers in Arms  |       |       |     1 ||     1
  Use: Potion            |       |     1 |     2 ||     3
       Scroll            |       |       |     2 ||     2
Armor: Animal skin       |     9 |    10 |       ||    19
       Scale mail        |       |     1 |       ||     1
       Chain mail        |       |       |    15 ||    15
Dodge: Dodged            |    15 |    21 |     7 ||    43

Table legend: (Time is in decaauts)
 A = Elapsed time spent in this place.
 B = Non-inter-level travel time spent in this place.
 C = Inter-level travel time spent in this place.
 D = Time resting spent in this place.
 E = Time spent auto-exploring this place.
 F = Levels seen in this place.
 G = Mean time per level.
                   A        B        C        D        E       F      G
               +--------+--------+--------+--------+--------+-----+--------+
         Total |   1190 |   1160 |     30 |    757 |      0 |   1 | 1190.0 |
       Dungeon |   1190 |   1160 |     30 |    757 |      0 |   1 | 1190.0 |
               +--------+--------+--------+--------+--------+-----+--------+

Top non-repeatable levels by time:
       D: 1190 daAuts
